AoeStats
← sjarobinson1

Arena

504149900Analyzed
1v1 RM · 27d ago on Sep 4, 2026· 43m 51s· 2 players
Game mode
Random Map
Map size
Tiny (2 player)
Population
200
Speed
Normal
Resources
Standard
Victory
Conquest
Starting age
Dark Age
Ending age
Imperial Age
RankedLock teamsTeams togetherTeam positionsShared explorationLock speedFull tech treeHidden civsTurbo modeCheats
Victory
Defeat
🇵🇱 Portuguese · Poland
701
+17
🇦🇺 Lithuanians · Australia
726
-38
saviola90
11:14 Feudal Age
11:39 Horse Collar
11:46 Double-Bit Axe
15:16 Wheelbarrow
20:35 Castle Age
18:52 Stone Mining
18:46 Man-at-Arms
19:31 Gold Mining
21:25 Pikeman
23:40 Bow Saw
26:14 Hand Cart
26:39 Heavy Plow
26:07 Long Swordsman
32:01 Imperial Age
29:07 Elite Skirmisher
29:42 Gambesons
29:43 Arson
30:35 Husbandry
30:49 Bloodlines
30:53 Fletching
33:03 Conscription
32:43 Cavalier
34:31 Chemistry
34:39 Loom
36:00 Halberdier
36:15 Two-Handed Swordsman
36:56 Champion
38:29 Scale Barding Armor
38:24 Scale Mail Armor
38:29 Padded Archer Armor
44:10 Forging
44:15 Chain Mail Armor
44:21 Chain Barding Armor
sjarobinson1
5:16 Loom
9:48 Feudal Age
12:15 Horse Collar
12:51 Double-Bit Axe
19:34 Castle Age
19:06 Forging
20:00 Bloodlines
21:02 Husbandry
21:48 Bow Saw
22:47 Light Cavalry
24:26 Fervor
24:30 Scale Barding Armor
27:52 Town Watch
28:43 Wheelbarrow
29:41 Iron Casting
29:27 Chain Barding Armor
31:25 Gold Mining
31:26 Stone Mining
33:47 Hand Cart
38:05 Imperial Age
38:21 Winged Hussar
Connection lost

Rejoining the realm…

Still unreachable

The connection could not be restored.

Session expired

The server has moved on; the page needs a fresh start.